AoeStats
← is it pink?

Glade

510564180Analyzed
1v1 RM · 1d ago on Oct 1, 2026· 36m 23s· 2 players
Game mode
Random Map
Map size
Tiny (2 player)
Population
200
Speed
Normal
Resources
Standard
Victory
Conquest
Starting age
Dark Age
Ending age
Imperial Age
RankedLock teamsTeams togetherTeam positionsShared explorationLock speedFull tech treeHidden civsTurbo modeCheats
Victory
Defeat
🇧🇾 Varangians · Belarus
1898
+10
🇳🇱 Turks · Netherlands
1765
-10
DzeDanik
6:40 Loom
8:50 Feudal Age
9:29 Arson
12:30 Fletching
16:37 Man-at-Arms
22:44 Castle Age
25:34 Bodkin Arrow
28:31 Imperial Age
27:55 Double-Bit Axe
28:11 Town Watch
29:18 Bracer
31:30 Crossbowman
32:45 Guard Tower
34:43 Ballistics
37:26 Chemistry
is it pink?
8:23 Feudal Age
9:00 Double-Bit Axe
9:10 Horse Collar
11:13 Loom
14:44 Fletching
19:03 Castle Age
20:42 Wheelbarrow
23:23 Bow Saw
23:24 Heavy Plow
28:15 Gold Mining
29:40 Gold Shaft Mining
29:23 Hand Cart
32:50 Imperial Age
34:52 Padded Archer Armor
Connection lost

Rejoining the realm…

Still unreachable

The connection could not be restored.

Session expired

The server has moved on; the page needs a fresh start.